 Dungeon Crawl Stone Soup version 0.22.1-1-ga44c0e56f4 (webtiles) character file.

903 Mjsee792 the Covered (level 7, -1/64 HPs)
             Began as a Minotaur Fighter on Oct 16, 2018.
             Was an Initiate of Okawaru.
             Killed by nerve-wracking pain
             ... invoked by Grinder
              (8 damage)
             ... on level 6 of the Dungeon.
             The game lasted 00:07:34 (4250 turns).

Mjsee792 the Covered (Minotaur Fighter)             Turns: 4250, Time: 00:07:35

Health: -1/64      AC: 11    Str: 25    XL:     7   Next: 80%
Magic:  6/6        EV:  8    Int:  5    God:    Okawaru [......]
Gold:   403        SH: 11    Dex: 12    Spells: 6/6 levels left

rFire    + + .     SeeInvis .   a - +0 trident
rCold    . . .     Gourm    .   c - +0 shield
rNeg     . . .     Faith    .   x - +1 scale mail {rF+}
rPois    .         Spirit   .   (helmet restricted)
rElec    .         Reflect  .   (no cloak)
rCorr    .         Harm     .   p - +1 pair of gloves
MR       .....                  (no boots)
Stlth    ..........             (no amulet)
HPRegen  0.20/turn              t - ring of protection from fire (curse)
MPRegen  0.10/turn              (no ring)

@: mighty
A: retaliatory headbutt, horns 2
a: Renounce Religion


You were on level 6 of the Dungeon.
You worshipped Okawaru.
Okawaru was noncommittal.
You were not hungry.

You visited 2 branches of the dungeon, and saw 7 of its levels.

You collected 403 gold pieces.

Inventory:

Hand Weapons
 a - a +0 trident (weapon)
Armour
 b - a +0 scale mail
 c - a +0 shield (worn)
 p - a +1 pair of gloves (worn)
 x - a +1 scale mail of fire resistance (worn)
Jewellery
 t - a cursed ring of protection from fire (left hand)
 y - a +5 ring of evasion {unknown}
Wands
 w - a wand of acid (8)
Scrolls
 g - 3 scrolls of remove curse {unknown}
 h - a scroll of immolation {unknown}
 i - 2 scrolls of teleportation
 j - a scroll of enchant armour {unknown}
 n - 2 scrolls of magic mapping {unknown}
 o - 4 scrolls of identify {unknown}
 r - 2 scrolls of amnesia {unknown}
 s - 4 scrolls of enchant weapon {unknown}
 v - a scroll of fear {unknown}
 z - 2 scrolls of fog {unknown}
Potions
 d - a potion of might
 e - 2 potions of agility {unknown}
 k - a potion of mutation {unknown}
 l - 3 potions of curing {unknown}
 m - a potion of invisibility
 q - a potion of heal wounds {unknown}
 u - a potion of brilliance {unknown}
Comestibles
 f - 13 rations
 A - a chunk of flesh


   Skills:
 + Level 6.6 Fighting
 - Level 2.4 Polearms
 + Level 7.6 Armour
 + Level 7.1 Shields


You had 6 spell levels left.
You didn't know any spells.
Your spell library was empty.

Dungeon Overview and Level Annotations

Branches:
Dungeon (6/15)             Temple (1/1) D:5

Altars:
Ashenzari
Cheibriados
Elyvilon
Fedhas
Gozag
Hepliaklqana
Kikubaaqudgha
Makhleb
Nemelex Xobeh
Okawaru
Ru
Sif Muna
Trog
Vehumet
Wu Jian
Xom
Zin
The Shining One

Annotations:
D:3 1 runed door, Venard's ghost, amateur MfSk
D:6 Grinder


Innate Abilities, Weirdness & Mutations

You reflexively headbutt those who attack you in melee.
You have a pair of horns on your head.


Message History

Something hits you but does no damage.
You hit something but do no damage. You headbutt something! Something hits you.
* * * LOW HITPOINT WARNING * * *
You closely miss something. Something hits you but does no damage.
You closely miss something.
Something tries to affect you, but you resist.
You hit something. Something hits you but does no damage.
You feel very mighty all of a sudden.
You suddenly lose the ability to move!
Something hits you but does no damage. Pain shoots through your body!
* * * LOW HITPOINT WARNING * * *
Something hits you but does no damage.
You can move again.
Unknown command.
You miss something.
You shrug off the repeated paralysis!
You miss something. Your headbutt misses something.
Pain shoots through your body!
You die...

≈P♣≈≈P##....##..^.#####.
♣≈≈≈.P#................>
...≈P##.#######.†######
P....##.#######.##
.....##.#.......# #####
#'#####.#.####### #...#
..#####.#.# #...# #
........#.##########..§##.#
≈≈P.#####.......@......'..#
≈≈PP.# #..#########...####
≈♣≈≈P†# #....# #...#


PPPP≈P# ##.#.# ##### PPPP≈P####.#.# ##PP≈P.....#.# ###########.# #.....#.#
#.......# There were no monsters in sight!

Vanquished Creatures
  Sigmund (D:4)
  A black bear (D:5)
  A phantom (D:6)
  2 ogres
  An electric eel (D:6)
  A crimson imp (D:5)
  A hound (D:4)
  2 orc wizards (D:5)
  An iguana (D:6)
  2 worker ants
  A worker ant zombie (D:5)
  6 adders
  4 oozes
  2 worms (D:2)
  A dart slug (D:4)
  5 leopard geckos
  8 orcs
  6 giant cockroaches
  3 hobgoblins (D:2)
  3 jackals (D:4)
  6 kobolds
  A quokka (D:3)
  2 ball pythons (D:1)
  3 bats
  7 frilled lizards
  A giant cockroach zombie (D:6)
  8 goblins
  A leopard gecko skeleton (D:4)
  9 rats
90 creatures vanquished.

Notes
Turn   | Place    | Note
-------+----------+-------------------------------------------
     0 | D:1      | Mjsee792 the Minotaur Fighter began the quest for the Orb.
     0 | D:1      | Reached XP level 1. HP: 19/19 MP: 0/0
   158 | D:1      | Reached XP level 2. HP: 27/27 MP: 1/1
   617 | D:2      | Reached XP level 3. HP: 20/33 MP: 2/2
  1387 | D:3      | Reached XP level 4. HP: 40/41 MP: 3/3
  1531 | D:3      | Found a runed door.
  1541 | D:3      | Noticed Venard's ghost (amateur MfSk)
  1782 | D:3      | Found an opulent altar of Gozag.
  2215 | D:4      | Noticed an ogre
  2223 | D:4      | Killed an ogre
  2223 | D:4      | Reached skill level 5 in Fighting
  2223 | D:4      | Reached skill level 5 in Armour
  2223 | D:4      | Reached skill level 5 in Shields
  2223 | D:4      | Reached XP level 5. HP: 35/48 MP: 4/4
  2277 | D:4      | Noticed Sigmund
  2847 | D:5      | Entered Level 5 of the Dungeon
  2847 | D:5      | Found an opulent altar of Gozag.
  2847 | D:5      | Noticed an ogre
  2853 | D:5      | Killed an ogre
  2853 | D:5      | Reached XP level 6. HP: 48/56 MP: 5/5
  2893 | D:4      | Killed Sigmund
  3153 | D:5      | Found a burning altar of Makhleb.
  3215 | D:5      | Reached XP level 7. HP: 57/63 MP: 6/6
  3233 | D:5      | Found a staircase to the Ecumenical Temple.
  3285 | Temple   | Entered the Ecumenical Temple
  3379 | Temple   | Became a worshipper of Warmaster Okawaru
  4085 | D:6      | Noticed Grinder
  4109 | D:6      | Reached * piety under Okawaru
  4240 | D:6      | Paralysed by something for 4 turns
  4250 | D:6      | Killed from afar by Grinder

Skill      XL: |  1  2  3  4  5  6  7 |
---------------+----------------------+-----
Shields        | 4 5 6 7 |  7.1
Armour         | 4 5 6 7 |  7.6
Fighting       | 4 5 6 |  6.6
Polearms       | |  2.4

Action                   |  1- 3 |  4- 6 |  7- 9 || total
-------------------------+-------+-------+-------++-------
Melee: Trident           |   133 |   111 |    89 ||   333
       Headbutt          |    12 |    17 |    10 ||    39
  Use: Scroll            |       |       |     1 ||     1
       Potion            |       |       |     1 ||     1
  Eat: Chunk             |     1 |     6 |     4 ||    11
Armor: Scale mail        |    20 |    56 |    28 ||   104
Dodge: Dodged            |    21 |    35 |    21 ||    77
Block: Shield            |    46 |    46 |    23 ||   115
